 Dungeon Crawl Stone Soup version 0.30-a0-1075-gcd70e7a56d (webtiles) character file.

Game seed: 4137143216473910050

16387 hwolsky the Impaler (level 12, -16/112 HPs)
             Began as a Minotaur Fighter on Apr 13, 2023.
             Was a Believer of Ashenzari.
             Demolished by a two-headed ogre
             ... wielding a +5 great mace
              (62 damage)
             ... on level 10 of the Dungeon on Apr 14, 2023.
             The game lasted 00:46:16 (10912 turns).

hwolsky the Impaler (Minotaur Fighter)             Turns: 10912, Time: 00:46:17

Health: -16/112    AC: 16    Str: 25    XL:     12   Next: 9%
Magic:  11/11      EV:  2    Int:  9    God:    Ashenzari [**....]
Gold:   513        SH:  0    Dex:  9    Spells: 11/11 levels left

rFire   . . .      SeeInvis +    n - +1 spear "Caushasol" {freeze, rCorr}
rCold   . . .      Faith    .    c - +0 buckler of Curses and Power {Fort, Alch} (curse)
rNeg    . . .      Spirit   .    b - +3 scale mail of the All-seeing Malaise {Fort, Cun} (curse)
rPois   .          Reflect  .    (helmet restricted)
rElec   .          Rampage  .    G - scarf "At What Cost Knowledge?" {+Inv, Fort, Comp} (curse)
rCorr   +                        t - +1 pair of gloves
Will    .....                    (no boots) Stlth
                                 v - amulet of the Cryptic Stars {Acrobat, Evo, Cun} (curse)
HPRegen 0.38/turn                (no ring)
MPRegen 0.12/turn                (no ring)

@: sleeping, studying Armour
A: horns 2, retaliatory headbutt, clever 1
a: Renounce Religion, Evoke Invisibility, Curse Item, Shatter the Chains


You were on level 10 of the Dungeon.
You worshipped Ashenzari.
Ashenzari was pleased with you.
You visited 2 branches of the dungeon, and saw 11 of its levels.
You also visited: Bailey.

You collected 681 gold pieces.
You spent 168 gold pieces at shops.

Inventory:

Hand Weapons
 a - a +1 long sword
 n - the +1 spear "Caushasol" (weapon) {freeze, rCorr}
   (You found it on level 2 of the Dungeon)

   rCorr:     It protects you from acid and corrosion.
Missiles
 m - 4 silver javelins (quivered)
Armour
 b - the cursed +3 scale mail of the All-seeing Malaise (worn) {Fort, Cun}

   It has a curse which improves the following skills: Fortitude: Armour and
   Shields.
   Cunning:   Dodging and Stealth.
 c - the cursed +0 buckler of Curses and Power (worn) {Fort, Alch}

   It has a curse which improves the following skills: Fortitude: Armour and
   Shields.
   Alchemy:   Poison Magic and Transmutations.
 t - a +1 pair of gloves (worn)
 u - the +0 ring mail of the Onion {rC+ Int+3 Stlth+}
   (You found it on level 4 of the Dungeon)

   Int:       It affects your intelligence (+3).
   rC:        It protects you from cold.
   Stlth:     It makes you more stealthy.
 G - the cursed scarf "At What Cost Knowledge?" (worn) {+Inv, Fort, Comp}
   (You found it on level 8 of the Dungeon)

   It has a curse which improves the following skills: Fortitude: Armour and
   Shields.
   Companions: Summonings and Necromancy.
Jewellery
 p - an amulet of guardian spirit
 v - the cursed amulet of the Cryptic Stars (around neck) {Acrobat, Evo, Cun}
   (You found it on level 5 of the Dungeon)

   [amulet of the acrobat]

   It increases your evasion while moving and waiting.
   It has a curse which improves the following skills: Evocations: Evocations.
   Cunning:   Dodging and Stealth.
 A - a ring of fire
 H - a +4 ring of protection
Wands
 q - a wand of charming (2)
 w - a wand of iceblast (8)
 y - a wand of polymorph (2)
Scrolls
 g - a scroll of blinking
 h - 4 scrolls of teleportation
 i - 3 scrolls of fog
 s - 2 scrolls of enchant weapon
 x - a scroll of butterflies
 J - 2 scrolls of brand weapon
Potions
 d - 4 potions of might
 e - 7 potions of curing
 f - 2 potions of flight
 j - 3 potions of magic
 k - 10 potions of heal wounds
 l - a potion of ambrosia
 o - 12 potions of degeneration
 r - 2 potions of haste
 z - 2 potions of attraction
 B - 2 potions of brilliance
 D - a potion of resistance
 E - a potion of invisibility
 F - 3 potions of mutation
Miscellaneous
 C - a lightning rod (3/4)


   Skills:
 * Level 11.8 Fighting
 - Level 3.3 Long Blades
 * Level 15.0 Polearms
 * Level 14.3(16.5) Armour
 + Level 8.9(11.2) Shields


You had 11 spell levels left.
You didn't know any spells.
Your spell library contained the following spells:

 Spells                   Type           Power      Damage    Failure   Level
 Beastly Appendage        Tmut           0%         N/A       63%         1
 Necrotise                Necr           0%         1d4       63%         1
 Summon Small Mammal      Summ           0%         N/A       63%         1
 Apportation              Tloc           0%         N/A       65%         1
 Wereblood                Tmut           0%         N/A       77%         2
 Spider Form              Tmut/Pois      0%         N/A       94%         3
 Gell's Gravitas          Tloc           0%         N/A       95%         3
 Teleport Other           Tloc           0%         N/A       95%         3
 Volatile Blastmotes      Fire/Tloc      0%         2d10      95%         3
 Fulminant Prism          Conj/Hex       0%         3d5       100%        4
 Iskenderun's Mystic Bla  Conj/Tloc      0%         2d3       100%        4
 Petrify                  Tmut/Erth      0%         N/A       100%        4
 Summon Ice Beast         Ice/Summ       0%         N/A       100%        4
 Lee's Rapid Deconstruct  Erth           0%         3d4*      100%        5
 Metabolic Englaciation   Hex/Ice        0%         N/A       100%        5
 Summon Mana Viper        Hex/Summ       0%         N/A       100%        5
 Dispersal                Tloc           0%         N/A       100%        6
 Statue Form              Tmut/Erth      0%         N/A       100%        6
 Monstrous Menagerie      Summ           0%         N/A       100%        7


Dungeon Overview and Level Annotations

Branches:
Dungeon (10/15)            Temple (1/1) D:7             Orc (0/2) D:9
 Bailey (visited)
   Lair: D:8-11

Altars:
Ashenzari
Cheibriados
Dithmenos
Elyvilon
Fedhas
Gozag
Hepliaklqana
Kikubaaqudgha
Makhleb
Nemelex Xobeh
Okawaru
Ru
Sif Muna
Trog
Uskayaw
Vehumet
Wu Jian
Xom
Yredelemnul
Zin
The Shining One

Shops:
D:3 *   D:4 *   D:7 :

Annotations:
D:10 1 transporter, epsilonplus's ghost, novice TeRe


Innate Abilities, Weirdness & Mutations

You have a pair of horns on your head.
You reflexively headbutt those who attack you in melee.
Your mind is acute. (Int +4, Str/Dex -1)


Message History

The two-headed ogre attacks as you move away!
The two-headed ogre closely misses you.
The two-headed ogre completely misses you.
Epsilonplus's ghost casts a spell at you.
You resist with significant effort.
You hit the two-headed ogre. You freeze the two-headed ogre.
The two-headed ogre is moderately wounded.
The two-headed ogre hits you with a +5 great mace.
The two-headed ogre closely misses you.
You hit the two-headed ogre. You freeze the two-headed ogre.
The two-headed ogre is heavily wounded.
You hit the two-headed ogre. You freeze the two-headed ogre.
Your headbutt misses the two-headed ogre.
The two-headed ogre is heavily wounded.
Epsilonplus's ghost hits you but does no damage.
You hit the two-headed ogre. You freeze the two-headed ogre.
You headbutt the two-headed ogre, but do no damage.
The two-headed ogre is heavily wounded.
The two-headed ogre hits you but does no damage. x2
You hit the two-headed ogre. You freeze the two-headed ogre.
You headbutt the two-headed ogre.
The two-headed ogre is severely wounded.
Epsilonplus's ghost closely misses you. You furiously retaliate!
You headbutt epsilonplus's ghost! You puncture the two-headed ogre!
You freeze the two-headed ogre.
The two-headed ogre is almost dead.
Epsilonplus's ghost closely misses you.
The two-headed ogre hits you with a +5 great mace!
The two-headed ogre barely misses you.
You barely miss epsilonplus's ghost.
Your headbutt misses epsilonplus's ghost.
Epsilonplus's ghost is moderately damaged.
You hit epsilonplus's ghost. You freeze epsilonplus's ghost.
Your headbutt misses epsilonplus's ghost.
Epsilonplus's ghost is moderately damaged.
Epsilonplus's ghost casts a spell at you.
You fall asleep.
The two-headed ogre hits you with a +5 great mace!!!
Ouch! That really hurt!
You die...

####.#......#......# ...
#.#......#......# ...
##.'......#....[.#### #..
#..########.......... #..
#..########.......... #..
#..#©..?..#......(... ####..
#..#.#..#.#.........)
#.....######..#..##..#..........
#.###.........#@W##..#..#.##....
,....##........#O#..#?#©.#.##..##
#....#.♣.####.#O....$#....##..#.
....#..)...###.#..#)#©.####..#.
..####.....#..##..#..# #..#.
#...##....#..##..#..# #..#.
#....#....#.#..#.#..# #..##
#[..)#÷÷).#......#...,,...., ,
##...)....########.... ,


You could see 2 two-headed ogres and epsilonplus's ghost.

Vanquished Creatures
  3 two-headed ogres
  A moth of wrath (shapeshifter) (D:10)
  Maurice (D:8)
  An unseen horror zombie (D:9)
  An unseen horror (D:7)
  A troll (D:9)
  A hornet (D:9)
  Prince Ribbit (D:5)
  2 shadows (D:10)
  14 yaks
  A human (D:4)
  2 steam dragons
  A vampire mosquito (D:10)
  Edmund (D:5)
  A water moccasin (shapeshifter) (D:10)
  3 orc warriors
  2 ice beasts
  2 sky beasts (D:7)
  2 black bears
  3 ogres
  4 centaurs
  A kobold brigand (D:9)
  5 bullfrogs
  2 gnoll sergeants
  2 scorpions (D:5)
  A wight (D:9)
  3 killer bees (D:9)
  A howler monkey (D:6)
  A human zombie (D:9)
  6 hounds
  8 orc priests
  2 centaur zombies (D:9)
  A gnoll bouda (D:6)
  3 jellies
  A human skeleton (D:4)
  A sleepcap (D:7)
  4 iguanas
  5 orc wizards
  Natasha (thrice) (D:3)
  A killer bee zombie (D:9)
  3 mummies (D:9)
  3 howler monkey zombies (D:9)
  16 gnolls
  7 adders
  A shadow imp (D:8)
  A white imp (D:3)
  4 worms
  7 dart slugs
  37 orcs
  10 ball pythons
  2 bats
  12 endoplasms
  3 giant cockroaches (D:1)
  12 goblins
  9 hobgoblins
  6 jackals
  5 quokkas
  2 frilled lizards (D:2)
  2 goblin skeletons (D:4)
  10 kobolds
  4 rats
255 creatures vanquished.

Vanquished Creatures (others)
  An efreet (D:9)
  A hound (D:4)
  5 plants (D:3)
  A withered plant (D:3)
8 creatures vanquished.

Grand Total: 263 creatures vanquished

Notes
Turn   | Place    | Note
-------+----------+-------------------------------------------
     0 | D:1      | hwolsky the Minotaur Fighter began the quest for the Orb.
     0 | D:1      | Reached XP level 1. HP: 19/19 MP: 0/0
    65 | D:1      | Reached XP level 2. HP: 27/27 MP: 1/1
   371 | D:1      | Reached XP level 3. HP: 33/33 MP: 2/2
   919 | D:2      | Identified the +1 spear "Caushasol" {freeze, rCorr}
  1275 | D:2      | Reached XP level 4. HP: 30/41 MP: 3/3
  1575 | D:2      | Reached skill level 1 in Polearms
  2186 | D:3      | Found a snail-covered altar of Cheibriados.
  2385 | D:3      | Found a faded altar of an unknown god.
  2392 | D:3      | Noticed Natasha
  2403 | D:3      | Reached XP level 5. HP: 47/47 MP: 4/4
  2408 | D:3      | Killed Natasha
  2409 | D:3      | Reached skill level 2 in Polearms
  2433 | D:3      | Noticed Natasha
  2444 | D:3      | Killed Natasha
  2445 | D:3      | Reached skill level 5 in Fighting
  2591 | D:3      | Found Moniodd's Assorted Antiques.
  2723 | D:3      | Noticed Natasha
  2733 | D:3      | Killed Natasha
  2734 | D:3      | Reached skill level 5 in Armour
  2837 | D:4      | Found Yletzenage's Assorted Antiques.
  2870 | D:4      | Reached XP level 6. HP: 52/56 MP: 5/5
  2883 | D:4      | Reached skill level 3 in Polearms
  2898 | D:4      | Found a runed translucent door.
  2898 | D:4      | Noticed a human
  2908 | D:4      | Found a basalt altar of Yredelemnul.
  2989 | D:4      | Found a hazy altar of Hepliaklqana.
  3339 | D:4      | Found a broken altar of Ashenzari.
  3345 | D:4      | Became a worshipper of Ashenzari the Shackled
  3398 | D:4      | Identified the +0 ring mail of the Onion {rC+ Int+3 Stlth+}
  3457 | D:4      | Found a glowing golden altar of the Shining One.
  3712 | D:4      | Killed a human
  3713 | D:4      | Reached skill level 4 in Polearms
  3713 | D:4      | Reached skill level 5 in Shields
  3713 | D:4      | Reached XP level 7. HP: 59/63 MP: 6/6
  3847 | D:5      | Entered Level 5 of the Dungeon
  3847 | D:5      | Noticed Edmund
  3877 | D:5      | Killed Edmund
  4034 | D:5      | Found a burning altar of Makhleb.
  4167 | D:5      | Reached skill level 5 in Polearms
  4393 | D:5      | Reached XP level 8. HP: 21/73 MP: 7/7
  4575 | D:5      | Noticed Prince Ribbit
  4589 | D:5      | Killed Prince Ribbit
  4590 | D:5      | Reached skill level 6 in Polearms
  4641 | D:5      | Found a blossoming altar of Fedhas.
  5506 | D:6      | Gained mutation: Your mind is acute. (Int +4, Str/Dex -1)
                  | [potion of mutation]
  5542 | D:6      | Identified a scroll of acquirement
  5542 | D:6      | Acquired a manual of Armour
  5843 | D:7      | Found a white marble altar of Elyvilon.
  5849 | D:7      | Reached skill level 7 in Polearms
  5867 | D:7      | Reached XP level 9. HP: 65/82 MP: 8/8
  6022 | D:7      | Reached * piety under Ashenzari
  6362 | D:7      | Found Rasidis's Book Shop.
  6367 | D:7      | Bought a book of Cantrips for 168 gold pieces
  6384 | D:7      | Found a staircase to the Ecumenical Temple.
  6426 | D:7      | Killed an unseen horror
  6436 | Temple   | Entered the Ecumenical Temple
  6954 | D:8      | Noticed Maurice
  6975 | D:8      | Killed Maurice
  6976 | D:8      | Reached skill level 8 in Polearms
  6976 | D:8      | Reached skill level 10 in Armour
  6986 | D:8      | Identified the cursed +3 scale mail of the All-seeing
                  | Malaise {Fort, Cun}
  7068 | D:8      | Found a flagged portal.
  7101 | Bailey   | Entered a bailey
  7185 | Bailey   | Reached ** piety under Ashenzari
  7617 | D:8      | Found a bloodstained altar of Trog.
  7663 | D:8      | Found an ornate altar of the Wu Jian Council.
  8382 | D:9      | Reached skill level 10 in Fighting
  8382 | D:9      | Reached skill level 9 in Polearms
  8382 | D:9      | Reached XP level 10. HP: 84/93 MP: 9/9
  8382 | D:9      | Identified the +7 chain mail "Attif" {rF- rN+++ Regen+
                  | Int-5}
  8383 | D:9      | Noticed a deep elf pyromancer
  8394 | D:9      | Noticed a boulder beetle
  8395 | D:9      | Noticed a gargoyle
  8396 | D:9      | Noticed a boulder beetle
  8396 | D:9      | Noticed a guardian serpent
  8853 | D:9      | Noticed a steelbarb worm
  8864 | D:9      | Noticed a cyclops
  8865 | D:9      | a cyclops changed into a dream sheep
  8911 | D:9      | Found a staircase to the Orcish Mines.
  9254 | D:9      | Noticed a two-headed ogre
  9267 | D:9      | Killed a two-headed ogre
  9268 | D:9      | Reached skill level 10 in Polearms
  9459 | D:9      | Reached skill level 14 in Polearms
  9459 | D:9      | Reached XP level 11. HP: 101/101 MP: 10/10
  9524 | D:9      | Found an ancient bone altar of Kikubaaqudgha.
  9895 | D:9      | Noticed a satyr
  9896 | D:9      | a satyr changed into a great orb of eyes
  9896 | D:9      | Noticed a great orb of eyes (shapeshifter)
 10188 | D:8      | Upgraded the game from 0.30-a0-1074-g5db6f66fbb to
                  | 0.30-a0-1075-gcd70e7a56d
 10274 | D:10     | Entered Level 10 of the Dungeon
 10298 | D:10     | Noticed a two-headed ogre
 10298 | D:10     | Noticed epsilonplus's ghost (novice TeRe)
 10299 | D:10     | Found a transporter.
 10299 | D:10     | Noticed a two-headed ogre
 10299 | D:10     | Noticed a two-headed ogre
 10310 | D:10     | Found a transporter.
 10600 | D:10     | Noticed a two-headed ogre
 10611 | D:10     | Killed a two-headed ogre
 10623 | D:10     | Reached XP level 12. HP: 76/111 MP: 11/11
 10901 | D:10     | Killed a two-headed ogre
 10902 | D:10     | Reached skill level 15 in Polearms
 10912 | D:10     | Demolished by a two-headed ogre

Illustrated notes

Levels and vault maps discovered:
D:1:      dpeg_arrival_long_road, layout_loops_cross
D:2:      layout_basic
D:3:      layout_rooms, general_overflow_altar,
          ebering_ecumenical_altar_petrified, serial_shops,
          nicolae_shop_overgrown_old_shop, uniq_natasha
D:4:      layout_basic, mainiacjoe_overflow_tiny_flanked,
          mainiacjoe_overflow_alcove_1, dk_yredelemnul_ordeal,
          kennysheep_mini_moat, serial_shops, shop, roderic_roman_lattice
D:5:      layout_gridville, amcnicky_altar_gilded,
          mainiacjoe_overflow_small_starburst, uniq_prince_ribbit1, uniq_edmund
D:6:      layout_loops_ring
D:7:      layout_loops_ring, mainiacjoe_overflow_cross_hatched,
          minmay_temple_entry_junction, serial_shops, kennysheep_little_box
D:8:      layout_rooms, lemuel_round_altar, nicolae_wu_jian_wuxing_cycle,
          enter_bailey_7, uniq_maurice
D:9:      layout_irregular_city, lemuel_mausoleum_altar_kikubaaqudgha,
          orc_david_3, minivault_12
D:10:     nzn_winding_woodlands_medium [nzn_winding_woodlands_5x5_open_star,
          nzn_winding_woodlands_5x15_lazy_stream,
          nzn_winding_woodlands_5x5_perimeter, nzn_winding_woodlands_hourglass,
          nzn_winding_woodlands_center_garden,
          nzn_winding_woodlands_5x5_default,
          nzn_winding_woodlands_5x5_closed_star,
          nzn_winding_woodlands_5x15_pockets, nzn_winding_woodlands_5x5_three],
          layout_irregular_city, mainiacjoe_overflow_paths,
          gammafunk_ghost_smash, minmay_bent, uniq_maggie
Temple:   eino_wide_crystal_templ

Skill      XL: |  1  2  3  4  5  6  7  8  9 10 11 12 |
---------------+-------------------------------------+-----
Fighting       | 4 5 6 7 8 10 11 | 11.8
Shields        | 4 5 6 7 8 |  8.9
Armour         | 4 5 6 8 11 12 14 | 14.3
Long Blades    | 3 |  3.3
Polearms       | 1 2 4 5 7 9 14 15 | 15.0

Action                     |  1- 3 |  4- 6 |  7- 9 | 10-12 || total
---------------------------+-------+-------+-------+-------++-------
  Melee: Long sword        |    82 |       |       |       ||    82
         Headbutt          |    12 |    25 |    67 |    83 ||   187
         Spear             |    23 |   154 |   379 |   282 ||   838
  Throw: Javelin           |       |       |    27 |       ||    27
 Invoke: Curse Item        |       |       |     3 |     1 ||     4
  Evoke: Wand              |       |     1 |       |       ||     1
         Lightning rod     |       |       |       |     1 ||     1
    Use: Scroll            |     5 |     9 |     7 |     2 ||    23
         Potion            |       |     1 |     2 |     2 ||     5
 Armour: Scale mail        |    47 |    68 |   156 |   109 ||   380
         Skin              |       |       |    10 |       ||    10
  Dodge: Dodged            |    49 |    51 |   208 |   191 ||   499
  Block: Buckler           |    28 |    31 |    85 |    78 ||   222

Table legend: (Time is in decaauts)
 A = Elapsed time spent in this place.
 B = Non-inter-level travel time spent in this place.
 C = Inter-level travel time spent in this place.
 D = Time resting spent in this place.
 E = Time spent auto-exploring this place.
 F = Levels seen in this place.
 G = Mean time per level.
                   A        B        C        D        E       F      G
               +--------+--------+--------+--------+--------+-----+--------+
         Total |  10757 |  10360 |    397 |   1317 |   4609 |  12 |  896.4 |
       Dungeon |  10193 |   9796 |    397 |   1317 |   4443 |  10 | 1019.3 |
        Temple |    134 |    134 |      0 |      0 |     45 |   1 |  134.0 |
        Bailey |    428 |    428 |      0 |      0 |    121 |   1 |  428.0 |
               +--------+--------+--------+--------+--------+-----+--------+

Top non-repeatable levels by time:
     D:9: 1624 daAuts
     D:2: 1265 daAuts
     D:5: 1147 daAuts
     D:8: 1146 daAuts
     D:4: 1011 daAuts
     D:7: 971 daAuts
     D:6: 831 daAuts
     D:1: 830 daAuts
     D:3: 769 daAuts
    D:10: 593 daAuts
  Bailey: 428 daAuts
  Temple: 134 daAuts
